 Dungeon Crawl Stone Soup version 0.18.1-48-g4cf74bf (webtiles) character file.

39 Alarkh the Poker (level 3, -7/27 HPs)
             Began as a Mummy Skald on July 24, 2016.
             Killed from afar by an orc wizard (10 damage)
             ... with a puff of flame
             ... on level 2 of the Dungeon.
             The game lasted 00:01:43 (1271 turns).

Alarkh the Poker (Mummy Skald)                      Turns: 1271, Time: 00:01:44

Health: -7/27      AC:  5    Str: 15    XL:     3   Next: 26%
Magic:  6/6        EV: 11    Int: 12    God:
Gold:   50         SH:  0    Dex: 11    Spells: 1 memorised, 5 levels left

rFire  x . .     SeeInvis .     a - +1 spear
rCold  + . .     Gourm    .     b - +0 leather armour
rNeg   + + +     Faith    .     (no shield)
rPois  ∞         Spirit   .     h - +0 helmet
rElec  .         Dismiss  .     (no cloak)
rCorr  .         Reflect  .     g - +0 pair of gloves
SustAt .         Harm     .     (no boots)
MR     .....                    (no amulet)
Stlth  +.........               (no ring)
                                (no ring)

@: about to teleport, not resistant to hostile enchantments, very unstealthy
A: no food or potions, fire vulnerability, cold resistance 1, negative energy
resistance 3, torment resistance, unbreathing
a: no special abilities


You were on level 2 of the Dungeon.
You were not hungry.

You visited 1 branch of the dungeon, and saw 4 of its levels.

You collected 50 gold pieces.

Inventory:

Hand Weapons
 a - a +1 spear (weapon)
Armour
 b - a +0 leather armour (worn)
 g - a +0 pair of gloves (worn)
 h - a +0 helmet (worn)
Scrolls
 d - a scroll of enchant weapon
 e - a scroll of teleportation
 f - a scroll of identify
Books
 c - a book of Battle

   Spells                             Type                      Level
   a - Infusion                       Charms                       1
   b - Shroud of Golubria             Charms/Translocation         2
   c - Song of Slaying                Charms                       2
   d - Spectral Weapon                Hexes/Charms                 3
   e - Regeneration                   Charms/Necromancy            3


   Skills:
 - Level 2.0 Fighting
 + Level 3.0 Polearms
 - Level 0.7 Armour
 - Level 0.7 Dodging
 - Level 2.0 Spellcasting
 - Level 2.4 Charms


You had 5 spell levels left.
You knew the following spells:

 Your Spells              Type           Power        Failure   Level  Hunger
a - Infusion              Chrm           #...         14%         1    N/A

Dungeon Overview and Level Annotations

Branches:
Dungeon (4/15)
 Temple: D:4-7

Altars:


Innate Abilities, Weirdness & Mutations

You do not eat or drink.
Your flesh is vulnerable to fire.
You are immune to poison.
Your flesh is cold resistant.
You are immune to negative energy.
You are immune to unholy pain and torment.
You can survive without breathing.


Message History

There is a stone staircase leading up here.
The orc wizard hits you with a dagger. The orc barely misses you.
The orc hits you with a hand axe.
You climb upwards.
There is a stone staircase leading down here.
Read which item? (? for menu, Esc to quit)
As you read the scroll of teleportation, it crumbles to dust.
You feel strangely unstable. The orc hits you with a mace.
* * * LOW HITPOINT WARNING * * *
The orc wizard hits you with a dagger.
* * * LOW HITPOINT WARNING * * *
The orc hits you with a hand axe.
* * * LOW HITPOINT WARNING * * *
Read which item? (? for menu, Esc to quit)
As you read the scroll labeled TUHEUKH SURI, it crumbles to dust.
You feel blessed for a moment.
It was a scroll of remove curse.
The orc closely misses you. The orc wizard casts a spell at you.
The puff of flame hits you! The fire burns you terribly!
You die...

##########
#.........
#.########
#.###<#
#..##(#
######.†...#
+.o@o...#..#
##o####.####
#o####....
#..........
#...........
#...........
#...........
##†...>....
#.†..##+##+


You could see an orc wizard and 3 orcs.

Vanquished Creatures
  A worm (D:2)
  A dart slug (D:2)
  2 giant cockroaches
  5 hobgoblins
  3 jackals (D:1)
  A quokka (D:2)
  5 bats
  4 goblins
  6 kobolds
  3 rats
31 creatures vanquished.

Notes
Turn   | Place    | Note
--------------------------------------------------------------
     0 | D:1      | Alarkh the Mummy Skald began the quest for the Orb.
     0 | D:1      | Reached XP level 1. HP: 16/16 MP: 3/3
   224 | D:1      | Reached skill level 2 in Polearms
   334 | D:1      | Reached XP level 2. HP: 13/22 MP: 0/5
   891 | D:2      | Reached XP level 3. HP: 11/27 MP: 2/6
  1174 | D:2      | Reached skill level 3 in Polearms
  1271 | D:2      | Killed from afar by an orc wizard

Skill      XL: |  1  2  3 |
---------------+----------+-----
Polearms       | 2 3 |  3.0
Fighting       | |  2.0
Armour         | |  0.7
Dodging        | |  0.7
Spellcasting   | |  2.0
Charms         | |  2.4

Action                   || total
-------------------------++-------
Melee: Spear             ||   111
 Cast: Infusion          ||    15
  Use: Scroll            ||     4
Armor: Leather armour    ||    40
Dodge: Dodged            ||    56
